[Event "Team 45 45 League T45"]
[Site "Internet Chess Club"]
[Date "2010.05.08"]
[Round "1"]
[White "Knight77"]
[Black "QueensCounselor"]
[Result "0-1"]
[WhiteElo "1985"]
[BlackElo "2090"]
[Opening "Réti: King's Indian attack, Pachman system"]
[ECO "A07"]
[Time "15:00:57"]
[TimeControl "2700+45"]

1. Nf3 d5 2. g3 g6 3. Bg2 Bg7 4. d3 e5 5. O-O Ne7 6. Nbd2 O-O 7. e4 Nbc6 8. c3
a5 9. Re1 h6 10. h3 Be6 11. Nf1 dxe4 12. dxe4 Qc8 13. g4 Rd8 14. Qe2 Rb8 15. Be3
b6 16. Ng3 Qb7 17. b3 a4 18. Qb5 Ra8 19. b4 Nc8 20. Qe2 Nd6 21. Red1 Nc4 22. Nf1
Nxe3 23. Nxe3 Ne7 24. Nc4 f6 25. a3 Qc6 26. Bf1 Rxd1 27. Rxd1 b5 28. Nb2 Qxc3
29. Rd3 Qc6 30. Qd2 Qe8 31. Qc3 c6 32. Rd6 Bf7 33. Nd3 Rd8 34. Qc5 Rxd6 35. Qxd6
Nc8 36. Qc7 Bf8 37. Nc5 Bd6 38. Qb7 Bxc5 39. bxc5 Be6 40. Nh4 Ne7 41. f4 exf4
42. Qc7 g5 43. Nf3 Qd7 44. Qb8+ Kg7 45. e5 Ng6 46. exf6+ Kxf6 47. Qb6 Qd5 48.
Bg2 Qd7 49. Kh2 Bd5 50. Qa5 Bxf3 51. Bxf3 Ne5 52. Be4 Qd4 53. Bg2 f3 54. Bf1
Qf2+ {White resigns} 0-1

[Event "Team 45 45 League T45"]
[Site "Internet Chess Club"]
[Date "2010.05.10"]
[Round "1"]
[White "SaltofLife"]
[Black "PHILOCHESS"]
[Result "0-1"]
[WhiteElo "1864"]
[BlackElo "2021"]
[Opening "Dutch defense"]
[ECO "A90"]
[Time "15:01:47"]
[TimeControl "2700+45"]

1. d4 f5 2. c4 e6 3. g3 Nf6 4. Bg2 d5 5. Nf3 Bb4+ 6. Bd2 a5 7. Qc2 O-O 8. O-O
Ne4 9. Bxb4 axb4 10. Nbd2 Nc6 11. e3 g5 12. Nxe4 dxe4 13. Nd2 Qe7 14. f3 f4 15.
exf4 e3 16. Nb3 gxf4 17. Qe4 e5 18. d5 Bf5 19. d6 Qxd6 20. Qd5+ Qxd5 21. cxd5
Nd4 22. Nxd4 exd4 23. Rfd1 d3 24. gxf4 e2 25. Rd2 Rxa2 {White resigns} 0-1

[Event "Team 45 45 League T45"]
[Site "Internet Chess Club"]
[Date "2010.05.09"]
[Round "1"]
[White "makito"]
[Black "fledermaus"]
[Result "1/2-1/2"]
[WhiteElo "1904"]
[BlackElo "1995"]
[Opening "QGD: 4.Nf3"]
[ECO "D37"]
[Time "13:08:54"]
[TimeControl "2700+45"]

1. c4 e6 2. Nc3 d5 3. d4 Nf6 4. Nf3 Be7 5. e3 O-O 6. Bd3 dxc4 7. Bxc4 c5 8. O-O
Nc6 9. Re1 a6 10. a3 b5 11. Bd3 Bb7 12. dxc5 Bxc5 13. b4 Bb6 14. Bb2 Qe7 15. Qe2
Rfd8 16. Red1 Rac8 17. Rac1 Rd7 18. Bb1 Rcd8 19. Ne4 Nxe4 20. Bxe4 Rxd1+ 21.
Rxd1 Rxd1+ 22. Qxd1 Nd8 23. Bc2 f6 24. Qd3 g6 25. Nd2 Nf7 26. Ne4 e5 27. Bb3 Kf8
28. Bxf7 Kxf7 29. Nd6+ Ke6 30. Nxb7 Qxb7 31. f3 Qd5 32. Qe2 {Game drawn by
mutual agreement} 1/2-1/2

[Event "Team 45 45 League T45"]
[Site "Internet Chess Club"]
[Date "2010.05.09"]
[Round "1"]
[White "jonesey"]
[Black "incachess"]
[Result "1-0"]
[WhiteElo "1951"]
[BlackElo "1634"]
[Opening "QGD semi-Slav: Stoltz variation"]
[ECO "D45"]
[Time "06:18:20"]
[TimeControl "2700+45"]

1. d4 d5 2. c4 e6 3. Nc3 c6 4. e3 Nf6 5. Nf3 Nbd7 6. Qc2 Qc7 7. Bd2 b6 8. Rc1
Bb7 9. cxd5 exd5 10. Bd3 Bd6 11. Nb5 Qb8 12. Nxd6+ Qxd6 13. a3 c5 14. O-O O-O
15. dxc5 bxc5 16. Rfd1 Rfc8 17. Bf5 a5 18. Bc3 Rc7 19. Qd2 a4 20. Bb1 Nb6 21.
Be5 Qd7 22. Bxc7 Qxc7 23. Qc3 Nc4 24. Nd2 Ng4 25. Nf1 Qc6 26. f3 Nge5 27. Nd2
Nxd2 28. Rxd2 Nc4 29. Rxd5 Qxd5 30. Be4 Qd7 31. Qxc4 Bxe4 32. Qxe4 Rb8 33. Qe5
Rc8 34. Rxc5 Re8 35. Qd4 Qe7 36. Ra5 Rd8 37. Qe4 Qxe4 38. fxe4 f6 39. Rxa4 Rd2
40. Rb4 Kf7 41. a4 Ke6 42. a5 Rd1+ 43. Kf2 Ra1 44. Rb5 Ra2 45. Kf3 Kd6 46. b4
Kc7 47. e5 f5 48. e6 Kd6 49. Rb6+ Ke7 50. a6 g5 51. b5 Ra3 52. Ke2 h5 53. Rb7+
Kxe6 54. a7 Ra2+ 55. Kd3 Kd5 56. b6 Ra3+ 57. Kc2 Kc4 58. Rc7+ Kb5 59. b7 {Black
resigns} 1-0

[Event "Team 45 45 League T45"]
[Site "Internet Chess Club"]
[Date "2010.05.05"]
[Round "1"]
[White "LazyPeon"]
[Black "Magagna"]
[Result "0-1"]
[WhiteElo "1647"]
[BlackElo "1792"]
[Opening "Nimzo-Indian: classical variation"]
[ECO "E32"]
[Time "13:04:17"]
[TimeControl "2700+45"]

1. d4 Nf6 2. c4 e6 3. Nc3 Bb4 4. Qc2 O-O 5. e3 c5 6. Bd3 d6 7. Nf3 Nc6 8. O-O
Bxc3 9. Qxc3 b6 10. dxc5 dxc5 11. Rd1 Qc7 12. e4 e5 13. Bg5 h6 14. Bxf6 gxf6 15.
Be2 Kh7 16. Nh4 Nd4 17. Nf3 Nxe2+ {White resigns} 0-1

[Event "Team 45 45 League T45"]
[Site "Internet Chess Club"]
[Date "2010.05.09"]
[Round "1"]
[White "gerailen0075"]
[Black "UnderRated"]
[Result "0-1"]
[WhiteElo "1885"]
[BlackElo "1709"]
[Opening "Sicilian defense"]
[ECO "B40"]
[Time "18:02:25"]
[TimeControl "2700+45"]

1. e4 c5 2. Nf3 e6 3. b3 Nc6 4. Bb2 d6 5. d4 cxd4 6. Nxd4 Nf6 7. Bd3 Nb4 8. O-O
Nxd3 9. Qxd3 Be7 10. c4 a6 11. Re1 Bd7 12. Nc3 O-O 13. Rad1 Qc7 14. Nc2 b5 15.
cxb5 axb5 16. b4 Rfd8 17. Ne3 Bc6 18. a3 Qb7 19. Ned5 Nxd5 20. exd5 Bd7 21. dxe6
fxe6 22. Ne4 Bc6 23. Qg3 Bf8 24. Nf6+ Kh8 25. Nh5 e5 26. f4 exf4 27. Nxf4 Qa7+
28. Kh1 Rd7 29. Ne6 Re8 30. Qc3 Ba8 31. Ng5 Rxe1+ 32. Rxe1 Qf2 33. Rg1 Re7 34.
Qh3 Be4 35. Nxe4 Rxe4 36. Qd3 Re1 {White resigns} 0-1

[Event "Team 45 45 League T45"]
[Site "Internet Chess Club"]
[Date "2010.05.09"]
[Round "1"]
[White "slipkid"]
[Black "blizzard13"]
[Result "0-1"]
[WhiteElo "1579"]
[BlackElo "1449"]
[Opening "Scotch: Schmidt variation"]
[ECO "C45"]
[Time "14:00:13"]
[TimeControl "2700+45"]

1. e4 e5 2. Nf3 Nc6 3. d4 exd4 4. Nxd4 Nf6 5. Nc3 Bb4 6. Nxc6 bxc6 7. Bg5 Qe7 8.
Bd3 d5 9. O-O O-O 10. exd5 Bxc3 11. bxc3 Qe5 12. Bxf6 Qxf6 13. c4 Rb8 14. Re1
Bd7 15. Re3 Rfe8 16. Rb1 c5 17. Rxe8+ Rxe8 18. Rb7 Qc3 19. Kf1 Qa5 20. Rb5 Bxb5
21. cxb5 Qxa2 22. g3 g6 23. f4 Qxd5 {White resigns} 0-1

[Event "Team 45 45 League T45"]
[Site "Internet Chess Club"]
[Date "2010.05.09"]
[Round "1"]
[White "BrandonBee"]
[Black "rookmaster23"]
[Result "1-0"]
[WhiteElo "1540"]
[BlackElo "1411"]
[Opening "Sicilian: Canal-Sokolsky attack, Sokolsky variation"]
[ECO "B52"]
[Time "15:00:16"]
[TimeControl "2700+45"]

1. e4 c5 2. Nf3 d6 3. Bb5+ Bd7 4. Bxd7+ Qxd7 5. c4 Nf6 6. Nc3 e5 7. O-O Nc6 8.
d3 Be7 9. Ne2 h5 10. Ng3 g6 11. Ng5 h4 12. Ne2 Nh5 13. Nh3 O-O-O 14. f4 Rdg8 15.
Nf2 exf4 16. Nxf4 Nxf4 17. Bxf4 g5 18. Bd2 g4 19. Bc3 Rh7 20. Qe2 g3 21. Nh3
gxh2+ 22. Kxh2 Qc7 23. Nf4 Bg5 24. Nd5 Qd7 25. Rf5 Ne7 26. Nxe7+ Bxe7 27. Raf1
Qe6 28. Rh5 Qg6 29. Rxh7 Qxh7 30. Qf3 Qg6 31. Qf5+ Qxf5 32. Rxf5 Rf8 33. Bf6 Kd7
34. Bxe7 Kxe7 35. Rh5 Ke6 36. Rxh4 f5 37. exf5+ Rxf5 38. Re4+ Kf6 39. Kg3 Rg5+
40. Kf3 Rf5+ 41. Rf4 a6 42. Ke4 Rxf4+ 43. Kxf4 b5 44. g4 b4 45. g5+ Kf7 46. Kf5
a5 47. g6+ Ke7 48. g7 Kf7 49. g8=Q+ Kxg8 50. Ke6 a4 51. Kxd6 a3 52. b3 {Black
resigns} 1-0

[Event "Team 45 45 League T45"]
[Site "Internet Chess Club"]
[Date "2010.05.06"]
[Round "1"]
[White "basserben"]
[Black "rayonline53"]
[Result "0-1"]
[WhiteElo "1603"]
[BlackElo "1482"]
[Opening "French: advance, Paulsen attack"]
[ECO "C02"]
[Time "19:35:14"]
[TimeControl "2700+45"]

1. e4 e6 2. d4 d5 3. e5 c5 4. c3 Nc6 5. Nf3 Qb6 6. Be2 Nge7 7. dxc5 Qxc5 8. Be3
Qa5 9. O-O Qc7 10. Bd4 Ng6 11. Re1 Bd7 12. Bd3 Be7 13. a4 Nxd4 14. cxd4 Bb4 15.
Re2 Qa5 16. g3 Ne7 17. Rc2 h6 18. b3 O-O 19. Nbd2 Rac8 20. Rac1 Rc3 21. Rxc3
Bxc3 22. Nb1 Bb4 23. Rc2 Rc8 24. Rxc8+ Bxc8 25. Qc2 Bd7 26. Kg2 Nc6 27. h4 Qb6
28. Qb2 a6 29. Kf1 Qa7 30. Ke2 Ba5 31. Na3 Bb6 32. Nc2 Bd8 33. b4 Ne7 34. b5
axb5 35. Bxb5 Bxb5+ 36. axb5 Bb6 37. Qb4 Kf8 38. g4 Ke8 39. h5 Qa5 40. Qb1 Qc3
41. Qa2 Ba5 42. Na3 Nc8 43. Nc2 Nb6 44. Nfe1 Nc4 45. Nf3 Nb2 46. Qa3 Qxc2+ 47.
Kf1 Nc4 48. Kg2 Nxa3 {White resigns} 0-1

[Event "Team 45 45 League T45"]
[Site "Internet Chess Club"]
[Date "2010.05.07"]
[Round "1"]
[White "loserloser"]
[Black "toukon"]
[Result "1-0"]
[WhiteElo "1676"]
[BlackElo "1531"]
[Opening "Sicilian: Tartakower variation"]
[ECO "B53"]
[Time "12:30:09"]
[TimeControl "2700+45"]

1. e4 c5 2. Nf3 d6 3. d4 cxd4 4. c3 dxc3 5. Nxc3 Nc6 6. Bc4 e6 7. O-O Be7 8. Qe2
Nf6 9. Rd1 e5 10. Bg5 O-O 11. Bxf6 Bxf6 12. Rac1 Bg4 13. Qe3 Nd4 14. Ne2 Bxf3
15. gxf3 Bg5 16. f4 Nxe2+ 17. Qxe2 Bxf4 18. Rc3 Qg5+ 19. Kh1 Rfd8 20. Rh3 Rac8
21. Rg1 Qf6 22. a4 Rc7 23. Rg4 Rdc8 24. b3 a6 25. Rgh4 h6 26. Qg4 Qg5 27. Qf3 b5
28. Rg4 Qf6 29. axb5 axb5 30. Bxb5 Rc1+ 31. Kg2 Re1 32. Bc4 Ra8 33. Rh5 Raa1 34.
Rf5 Rg1+ 35. Kh3 Rh1 36. Rgxf4 Qd8 37. Bxf7+ Kh7 38. Rg4 Qd7 39. Bg6+ {Black
resigns} 1-0

[Event "Team 45 45 League T45"]
[Site "Internet Chess Club"]
[Date "2010.05.10"]
[Round "1"]
[White "radiohead"]
[Black "ChessicStudent"]
[Result "0-1"]
[WhiteElo "1393"]
[BlackElo "1525"]
[Opening "Benkö gambit: Zaitsev system"]
[ECO "A57"]
[Time "19:01:28"]
[TimeControl "2700+45"]

1. d4 Nf6 2. c4 c5 3. d5 b5 4. cxb5 a6 5. Nc3 g6 6. e4 d6 7. Nf3 Nbd7 8. Be2 Bg7
9. O-O O-O 10. Re1 Ng4 11. h3 Nge5 12. Be3 Qa5 13. Qd2 axb5 14. Nxb5 Qxd2 15.
Bxd2 Nxf3+ 16. Bxf3 Bxb2 17. Rab1 Rxa2 18. Nc3 Bxc3 19. Bxc3 Ba6 20. Rb2 Rxb2
21. Bxb2 Rb8 22. Bc3 Rb3 23. Rc1 Nb6 24. Kh2 Na4 25. Ra1 Bb5 26. Bd1 Rxc3 27.
Bxa4 Bxa4 28. Rxa4 c4 29. Ra8+ Kg7 30. Rc8 Rc2 31. f3 c3 32. h4 Kf6 33. f4 h6
34. Kh3 e6 35. Rc6 Ke7 36. Rc7+ Ke8 37. g3 Rc1 38. g4 c2 39. Kg2 exd5 40. exd5
Kd8 41. Rc6 Kd7 42. Kf2 Rh1 43. Rxc2 Rh2+ {White resigns} 0-1

[Event "Team 45 45 League T45"]
[Site "Internet Chess Club"]
[Date "2010.05.10"]
[Round "1"]
[White "ElCreyente"]
[Black "Campagnolo"]
[Result "1-0"]
[WhiteElo "2270"]
[BlackElo "2043"]
[Opening "Two knights defense (Modern bishop's opening)"]
[ECO "C24"]
[Time "05:00:03"]
[TimeControl "2700+45"]

1. e4 e5 2. Bc4 Nf6 3. d3 Nc6 4. Nf3 Be7 5. Nc3 d6 6. a3 O-O 7. O-O Be6 8. Nd5
h6 9. Re1 Qd7 10. c3 Bd8 11. d4 exd4 12. Nxd4 Nxd4 13. Qxd4 c6 14. Nf4 Bb6 15.
Qd3 Ng4 16. Re2 Ne5 17. Bxe6 fxe6 18. Qg3 Qf7 19. h4 h5 20. Kh1 Ng4 21. f3 Ne5
22. Qg5 Bd8 23. Qxh5 Qxh5 24. Nxh5 Bxh4 25. Nf4 Kf7 26. Nh3 Rh8 27. Bf4 Bf6 28.
Rd1 Ke7 29. Kg1 Rad8 30. Kf2 Nf7 31. Be3 a6 32. Nf4 Ne5 33. Bd4 Kf7 34. Bb6 Rd7
35. b3 g5 36. Nd3 Ng6 37. Nc5 Re7 38. Rxd6 Nf4 39. Rc2 Rh2 40. Kg1 Rh8 41. Bd8
Ree8 42. Rd7+ Kg6 43. Bxf6 Kxf6 44. Rxb7 Rh6 45. Nd7+ Kg6 {Black resigns} 1-0

[Event "Team 45 45 League T45"]
[Site "Internet Chess Club"]
[Date "2010.05.09"]
[Round "1"]
[White "nosalt"]
[Black "Paulkov"]
[Result "0-1"]
[WhiteElo "2032"]
[BlackElo "2217"]
[Opening "Ruy Lopez: Worrall attack, sharp line"]
[ECO "C86"]
[Time "17:01:53"]
[TimeControl "2700+45"]

1. e4 e5 2. Nf3 Nc6 3. Bb5 a6 4. Ba4 Nf6 5. O-O Be7 6. Qe2 b5 7. Bb3 O-O 8. c3
d5 9. d3 Bb7 10. Bg5 Na5 11. Bc2 h6 12. Bh4 dxe4 13. dxe4 Qd6 14. Bg3 Nc6 15.
Rd1 Qe6 16. h3 Nh5 17. Bh2 Rfd8 18. Nxe5 Rxd1+ 19. Bxd1 Nxe5 20. Qxh5 Nc4 21.
Bxc7 Qxe4 22. Bf3 Qe1+ 23. Kh2 Bxf3 24. Qxf3 Rc8 25. Bf4 Bc5 26. g4 Bxf2 27. Qg2
Ne3 28. Qh1 Nf1+ {White resigns} 0-1

[Event "Team 45 45 League T45"]
[Site "Internet Chess Club"]
[Date "2010.05.07"]
[Round "1"]
[White "az2112"]
[Black "cesaralexander"]
[Result "1/2-1/2"]
[WhiteElo "1731"]
[BlackElo "2008"]
[Opening "QGD: 4.Nf3"]
[ECO "D37"]
[Time "22:04:34"]
[TimeControl "2700+45"]

1. d4 Nf6 2. Nf3 e6 3. c4 d5 4. Nc3 dxc4 5. e4 a6 6. Bxc4 b5 7. Bd3 Bb7 8. Qe2
b4 9. Nb1 Be7 10. O-O O-O 11. Bg5 Nbd7 12. Nbd2 h6 13. Bh4 c5 14. e5 Nh7 15.
Bxe7 Qxe7 16. Be4 Bxe4 17. Qxe4 cxd4 18. Qxd4 Rfd8 19. Nc4 Qc5 20. Qxc5 Nxc5 21.
Rfd1 Nf8 22. h3 Ng6 23. Rd4 Rxd4 24. Nxd4 Nd3 25. Nf3 Rc8 26. b3 Rc5 27. Rd1
Ngxe5 28. Nfxe5 Nxe5 29. Nxe5 Rxe5 30. Rd8+ Kh7 31. Kf1 Kg6 32. Rd4 Ra5 33. Rd2
e5 34. Ke2 h5 35. Kf3 f5 36. h4 Kf7 37. Rd7+ Kf6 38. Rd6+ Ke7 39. Rb6 Rxa2 40.
Rxb4 Ra3 41. Rb7+ Kf6 42. Rb6+ Kf7 43. Rb7+ Kg6 44. Rb6+ Kh7 45. Ke2 Ra2+ 46.
Ke3 g6 47. g3 a5 48. Rb5 e4 49. b4 a4 50. Ra5 a3 51. b5 Ra1 52. b6 a2 53. b7 Rb1
54. Ra7 Kh6 55. Rxa2 Rxb7 56. Ra3 Rb2 57. Rc3 Rb6 58. f3 exf3 59. Kxf3 Rb4 60.
Rd3 Re4 61. Rc3 Kg7 62. Rc6 Kf7 63. Rb6 Rg4 64. Ra6 Re4 65. Rb6 Re6 66. Rb4 Kf6
67. Kf4 Rc6 68. Ra4 Re6 69. Rb4 Re4+ 70. Rxe4 fxe4 71. Kxe4 {Game drawn by
mutual agreement} 1/2-1/2

[Event "Team 45 45 League T45"]
[Site "Internet Chess Club"]
[Date "2010.05.08"]
[Round "1"]
[White "Budzo"]
[Black "Magagna"]
[Result "1-0"]
[WhiteElo "1811"]
[BlackElo "1777"]
[Opening "Queen's Indian: 4.Nc3"]
[ECO "E12"]
[Time "12:06:57"]
[TimeControl "2700+45"]

1. Nf3 Nf6 2. d4 e6 3. c4 b6 4. Nc3 Bb4 5. Bg5 h6 6. Bh4 g5 7. Bg3 Ne4 8. Qc2
Bb7 9. e3 d6 10. Bd3 Bxc3+ 11. bxc3 f5 12. O-O h5 13. h3 h4 14. Bh2 Rg8 15. Nd2
Nxd2 16. Qxd2 g4 17. hxg4 Rxg4 18. f3 Rg8 19. Rf2 Qg5 20. e4 Qxd2 21. Rxd2 fxe4
22. Bxe4 Bxe4 23. fxe4 Ke7 24. Rf2 Nd7 25. Raf1 Raf8 26. Rxf8 Rxf8 27. Rxf8 Kxf8
28. Kf2 Nf6 29. Kf3 Kf7 30. e5 dxe5 31. Bxe5 Nd7 32. Bxc7 Kg6 33. Kg4 Nf6+ 34.
Kf4 Nh5+ 35. Ke5 Ng7 36. Bd8 Kf7 37. Bxh4 Nf5 38. Bg5 Ng3 39. d5 exd5 40. cxd5
Ke8 41. Ke6 Ne4 42. Be7 {Black resigns} 1-0

[Event "Team 45 45 League T45"]
[Site "Internet Chess Club"]
[Date "2010.05.08"]
[Round "1"]
[White "Geeloo"]
[Black "AG2009"]
[Result "1-0"]
[WhiteElo "2119"]
[BlackElo "2139"]
[Opening "French: Winawer, Alekhine (Maróczy) gambit"]
[ECO "C15"]
[Time "06:00:43"]
[TimeControl "2700+45"]

1. e4 e6 2. d4 d5 3. Nc3 Bb4 4. Ne2 Nf6 5. Bg5 dxe4 6. a3 Be7 7. Ng3 O-O 8. Qd2
b6 9. Ngxe4 Nxe4 10. Nxe4 Bb7 11. Bxe7 Qxe7 12. Qf4 Nd7 13. O-O-O e5 14. dxe5
Nxe5 15. Nc3 Ng6 16. Qg3 Rad8 17. Bd3 Qc5 18. Rhe1 Rfe8 19. f3 Rxe1 20. Rxe1 f5
21. f4 Qd4 22. Bxf5 Nxf4 23. Qe3 Qxe3+ 24. Rxe3 g6 25. g3 gxf5 26. gxf4 Kf7 27.
b3 a6 28. b4 Rd4 29. Ne2 Re4 30. Rxe4 Bxe4 31. Kd2 Kf6 32. c3 c5 33. Ke3 Bd5 34.
Ng3 Bc4 35. Nh1 Bd5 36. Nf2 Ke6 37. Nd3 Kd6 38. Ne5 b5 39. Nd3 cxb4 40. cxb4 Bb7
41. Kd4 h5 42. h4 Bc8 43. Nc5 Kc6 44. Ke5 a5 45. Ne6 axb4 46. axb4 Bd7 47. Ng7
{Black resigns} 1-0

[Event "Team 45 45 League T45"]
[Site "Internet Chess Club"]
[Date "2010.05.10"]
[Round "1"]
[White "jefferyx"]
[Black "spunni"]
[Result "0-1"]
[WhiteElo "2128"]
[BlackElo "1946"]
[Opening "Ruy Lopez: Archangelsk (counterthrust) variation"]
[ECO "C78"]
[Time "16:30:08"]
[TimeControl "2700+45"]

1. e4 e5 2. Nf3 Nc6 3. Bb5 a6 4. Ba4 Nf6 5. O-O b5 6. Bb3 Bb7 7. d3 Bc5 8. c3 d6
9. d4 Bb6 10. Bg5 h6 11. Bh4 g5 12. Bg3 Nxe4 13. dxe5 Nxg3 14. hxg3 Nxe5 15.
Nxe5 dxe5 16. Qe2 Qf6 17. Nd2 O-O-O 18. Kh2 h5 19. a4 h4 20. g4 Qf4+ 21. Kh3
Rxd2 {White resigns} 0-1

[Event "Team 45 45 League T45"]
[Site "Internet Chess Club"]
[Date "2010.05.10"]
[Round "1"]
[White "bogolijubov"]
[Black "fishhead"]
[Result "1/2-1/2"]
[WhiteElo "1852"]
[BlackElo "2169"]
[Opening "Alekhine's defense: Scandinavian variation"]
[ECO "B02"]
[Time "15:06:08"]
[TimeControl "2700+45"]

1. e4 Nf6 2. Nc3 d5 3. e5 d4 4. exf6 dxc3 5. fxg7 cxd2+ 6. Bxd2 Bxg7 7. Qh5 Qd4
8. c3 Qe4+ 9. Qe2 Bf5 10. Qxe4 Bxe4 11. O-O-O Nd7 12. Nf3 O-O-O 13. Be2 h5 14.
Be3 a6 15. Ng5 Bg6 16. Bf3 Nf6 17. Rxd8+ Rxd8 18. Rd1 Rxd1+ 19. Bxd1 Kd7 20. Bc2
Ng4 21. Bxg6 fxg6 22. Nf3 Ke6 23. Kd2 Kd5 24. h3 Nxe3 25. Kxe3 e5 26. Nd2 b5 27.
Ne4 c5 28. b3 Bh6+ 29. Kf3 c4 30. Nf6+ Ke6 31. Ne4 cxb3 32. axb3 a5 33. Ke2 Bf8
34. Kd3 a4 35. bxa4 bxa4 36. c4 Be7 37. Kc2 g5 38. f3 Kf5 39. Nc3 a3 40. g4+
hxg4 41. hxg4+ Ke6 42. Kb3 Kd6 43. Kxa3 Kc5 44. Kb3 Kd4 45. Nd5 Bd6 46. Nf6 Ke3
47. Ne4 Be7 48. c5 Kxf3 49. c6 Bd8 50. Nxg5+ Kxg4 51. Nf7 Bc7 {Game drawn by
mutual agreement} 1/2-1/2

[Event "Team 45 45 League T45"]
[Site "Internet Chess Club"]
[Date "2010.05.11"]
[Round "1"]
[White "chessbum"]
[Black "CapitanTrueno"]
[Result "1/2-1/2"]
[WhiteElo "1859"]
[BlackElo "1767"]
[Opening "English opening"]
[ECO "A05"]
[Time "18:00:05"]
[TimeControl "2700+45"]

1. Nf3 Nf6 2. c4 g6 3. Nc3 Bg7 4. d3 O-O 5. g3 d6 6. Bg2 e5 7. e4 Nc6 8. O-O Bg4
9. h3 Bd7 10. Bg5 h6 11. Be3 Qc8 12. Kh2 Kh7 13. Qd2 a6 14. Nd5 Nxd5 15. cxd5
Ne7 16. g4 c6 17. Rac1 Qb8 18. dxc6 Nxc6 19. d4 Nxd4 20. Nxd4 exd4 21. Bxd4 Bc6
22. Kg1 Qe8 23. Bxg7 Kxg7 24. Qxd6 Rd8 25. Qb4 Qe5 26. f3 Qd4+ 27. Qxd4+ Rxd4
28. Rfd1 Rfd8 29. Rxd4 Rxd4 30. Rc2 Kf6 31. Kf2 Ke5 32. Ke3 Rd1 33. f4+ Ke6 34.
Rd2 Re1+ 35. Re2 Rd1 36. Rd2 Re1+ 37. Re2 Rd1 38. Rd2 {Game drawn by repetition}
1/2-1/2

[Event "Team 45 45 League T45"]
[Site "Internet Chess Club"]
[Date "2010.05.06"]
[Round "1"]
[White "jrichman38"]
[Black "BishopMike"]
[Result "1-0"]
[WhiteElo "1579"]
[BlackElo "1497"]
[Opening "Queen's pawn game"]
[ECO "D02"]
[Time "22:00:24"]
[TimeControl "2700+45"]

1. Nf3 d5 2. d4 g6 3. c4 c6 4. Nc3 Bg7 5. Bf4 Nd7 6. cxd5 cxd5 7. Nxd5 Ngf6 8.
Nc7+ Kf8 9. Nxa8 Nd5 10. Bg3 N7f6 11. e3 Bd7 12. Bc4 Qxa8 13. Ne5 Be6 14. O-O
Ne4 15. Qd3 f5 16. Rad1 Qc8 17. Qb3 Nc7 18. Bxe6 Nxe6 19. Rc1 {Black resigns}
1-0

[Event "Team 45 45 League T45"]
[Site "Internet Chess Club"]
[Date "2010.05.10"]
[Round "1"]
[White "Rapidcitychess"]
[Black "katabatico"]
[Result "1/2-1/2"]
[WhiteElo "1416"]
[BlackElo "1394"]
[Opening "Giuoco Piano"]
[ECO "C53"]
[Time "14:00:27"]
[TimeControl "2700+45"]

1. e4 e5 2. Nf3 Nc6 3. Bc4 Bc5 4. c3 Nge7 5. O-O O-O 6. d4 exd4 7. cxd4 Bb6 8.
d5 Na5 9. Bd3 d6 10. b4 Bg4 11. bxa5 Bxa5 12. Bd2 Bb6 13. Nc3 a6 14. Be2 Ng6 15.
h3 Bc8 16. Na4 Ba7 17. Be3 b6 18. Nc3 Re8 19. Qc2 b5 20. Bxa7 Rxa7 21. Bd3 Nf4
22. Ne2 Nxd3 23. Qxd3 Qf6 24. Rfe1 Qg6 25. Ng3 Qf6 26. Qd4 Qxd4 27. Nxd4 Bb7 28.
Nc6 Raa8 29. Rac1 Bxc6 30. Rxc6 Rec8 31. Rec1 Ra7 32. Nf5 Kf8 33. Nd4 g6 34.
Rxd6 cxd6 35. Rxc8+ Kg7 36. Rc6 Re7 37. f3 f5 38. exf5 Re1+ 39. Kf2 Rd1 40. Ne6+
Kf6 41. Rxd6 Kxf5 42. Rxa6 Rxd5 43. g4+ Ke5 44. f4+ Ke4 45. Ke2 h6 46. Rb6 h5
47. gxh5 Rxh5 48. Nc7 Rxh3 49. Nxb5 Rh2+ 50. Kd1 Rxa2 51. Rf6 Kd3 52. Kc1 Rf2
53. Nd6 Ke3 54. Rxg6 Rxf4 55. Kc2 {Game drawn by mutual agreement} 1/2-1/2

[Event "Team 45 45 League T45"]
[Site "Internet Chess Club"]
[Date "2010.05.07"]
[Round "1"]
[White "UsuallySleepy"]
[Black "Aquaman"]
[Result "1-0"]
[WhiteElo "1404"]
[BlackElo "1211"]
[Opening "QP counter-gambit: Maroczy gambit"]
[ECO "C40"]
[Time "21:05:04"]
[TimeControl "2700+45"]

1. e4 e5 2. Nf3 d5 3. exd5 Bd6 4. Nc3 Nf6 5. d4 e4 6. Ne5 O-O 7. Be2 Nbd7 8.
Nxd7 Bxd7 9. O-O Re8 10. Bg5 Be7 11. Bf4 a6 12. a3 Bf5 13. Bc4 Rc8 14. Re1 c6
15. dxc6 Rxc6 16. Bb3 Bd6 17. Bg5 h6 18. Bxf6 Qxf6 19. Nd5 Qg6 20. Re3 Qh5 21.
Qxh5 Bg6 22. Qe2 Rcc8 23. Nc3 Kf8 24. Nxe4 Bb8 25. Re1 Red8 26. c3 Bf4 27. Rd3
Re8 28. f3 Bg5 29. Qf2 Be7 30. Rde3 f5 31. Nc5 Rc7 32. Ne6+ {Black resigns} 1-0

[Event "Team 45 45 League T45"]
[Site "Internet Chess Club"]
[Date "2010.05.07"]
[Round "1"]
[White "SCUGrad"]
[Black "radiohead"]
[Result "0-1"]
[WhiteElo "1476"]
[BlackElo "1404"]
[Opening "Sicilian: closed"]
[ECO "B24"]
[Time "20:18:30"]
[TimeControl "2700+45"]

1. e4 c5 2. Nc3 Nc6 3. g3 g6 4. Bg2 Bg7 5. d3 e6 6. Be3 Nge7 7. Bxc5 b6 8. Be3
O-O 9. Qd2 Bb7 10. Bh6 Rb8 11. Bxg7 Kxg7 12. f4 d6 13. Nge2 Kg8 14. d4 d5 15.
exd5 exd5 16. O-O Qd7 17. f5 Nxf5 18. Nxd5 Qd6 19. c3 Nce7 20. Nxe7+ Nxe7 21.
Bxb7 Rxb7 22. Qf4 Qd5 23. Qf3 Qxf3 24. Rxf3 Nf5 25. g4 Nd6 26. Re3 Nc4 27. Re4
Nxb2 28. d5 Nd3 29. d6 Nc5 30. Re3 Rd7 31. Rd1 Rfd8 32. Re7 Rxe7 33. dxe7 Rxd1+
34. Kf2 Ne4+ 35. Ke3 Nf6 {White resigns} 0-1

[Event "Team 45 45 League T45"]
[Site "Internet Chess Club"]
[Date "2010.05.07"]
[Round "1"]
[White "oldprez"]
[Black "AlPearson"]
[Result "1-0"]
[WhiteElo "1324"]
[BlackElo "1481"]
[Opening "Alekhine's defense: Scandinavian variation"]
[ECO "B02"]
[Time "12:00:53"]
[TimeControl "2700+45"]

1. e4 Nf6 2. Nc3 d5 3. exd5 Nxd5 4. Nge2 Bf5 5. g3 Nb4 6. d3 e6 7. Bg2 N8c6 8.
a3 Nd5 9. O-O Bc5 10. d4 Nxc3 11. bxc3 Bb6 12. Bb2 Qg5 13. f4 Qg6 14. Rc1 O-O-O
15. c4 e5 16. fxe5 Nxe5 17. Nf4 Qg5 18. Qh5 Qxh5 19. Nxh5 g6 20. c5 Nc4 21. cxb6
Nxb2 22. bxa7 Kd7 23. Nf4 c6 24. Rb1 Nc4 25. Rxb7+ Kd6 26. Nd3 Nxa3 27. Nb4 Nxc2
28. Nxc2 Bxc2 29. Rfxf7 Rhe8 30. Rf6+ Re6 31. Rxe6+ Kxe6 32. Bxc6 Rxd4 33. a8=Q
Rd1+ 34. Kf2 Rd2+ 35. Ke3 Rd3+ 36. Kf4 Rd4+ 37. Kg5 h6+ 38. Kxh6 Rd2 39. Qe8+
Kf5 40. Rf7+ Kg4 41. Bd7+ Bf5 42. Bxf5+ gxf5 43. Qa4+ Kh3 44. Rxf5 Kxh2 45. Qf4
Rd6+ 46. Kg5 Rd3 47. g4+ Kg1 48. Qf1+ Kh2 49. Qxd3 Kg2 50. Qf3+ Kh2 51. Qf2+ Kh1
52. Qf1+ Kh2 53. Rf2+ Kg3 54. Qg2# {Black checkmated} 1-0